 Dungeon Crawl Stone Soup version 0.23.1 (webtiles) character file.

Game seed: 10112001547560665305

3848 Forgol the Basher (level 9, -1/71 HPs)
             Began as a Demonspawn Gladiator on Mar 19, 2019.
             Slain by a two-headed ogre
             ... wielding a cursed -3 giant club
              (9 damage)
             ... on level 8 of the Dungeon.
             The game lasted 00:19:19 (11251 turns).

Forgol the Basher (Demonspawn Gladiator)           Turns: 11251, Time: 00:19:20

Health: -1/71      AC: 12    Str: 25    XL:     9   Next: 98%
Magic:  9/9        EV: 12    Int: 11    God:
Gold:   463        SH:  2    Dex: 15    Spells: 8/8 levels left

rFire    . . .     SeeInvis .   l - +0 morningstar
rCold    . . .     Gourm    .   (no shield)
rNeg     . . .     Faith    .   m - +1 chain mail
rPois    .         Spirit   .   (helmet restricted)
rElec    .         Reflect  +   u - +0 cloak
rCorr    .         Harm     .   (no gloves)
MR       +....                  (no boots)
Stlth    ..........             i - +2 amulet of reflection
HPRegen  0.21/turn              A - ring of protection from magic
MPRegen  0.11/turn              k - +2 ring of strength

@: mighty, lethally poisoned (-1 -> -9), berserk cooldown, hasted and slowed
A: antennae 1, claws 1, clever 1, mutation resistance 1, powered by death 2, rot
immunity
a: no special abilities


You were on level 8 of the Dungeon.
You were not hungry.

You visited 2 branches of the dungeon, and saw 9 of its levels.

You collected 463 gold pieces.

Inventory:

Hand Weapons
 a - a +0 flail
 b - a +2 whip of flaming
 l - a +0 morningstar (weapon)
Missiles
 d - 3 throwing nets (quivered)
Armour
 m - a +1 chain mail (worn)
 u - a +0 cloak (worn)
Jewellery
 i - a +2 amulet of reflection (around neck)
 k - a +2 ring of strength (right claw)
 p - an uncursed amulet of the acrobat {unknown}
 q - an uncursed amulet of regeneration
 t - a +1 ring of evasion {unknown}
 w - an uncursed ring of ice
 y - a cursed +2 ring of protection {unknown}
 A - a ring of protection from magic (left claw)
Wands
 c - a wand of scattershot (5)
 g - a wand of random effects (26)
 j - a wand of digging (4)
 r - a wand of flame (44)
 B - a wand of enslavement (3)
Scrolls
 e - 3 scrolls of remove curse
 n - 2 scrolls of teleportation
 o - a scroll of vulnerability
 z - a scroll of magic mapping
Potions
 v - a potion of mutation
Comestibles
 f - 12 rations
 h - a chunk of flesh


   Skills:
 + Level 6.7 Fighting
 * Level 8.9 Maces & Flails
 - Level 1.7 Throwing
 + Level 5.6 Armour
 + Level 6.5 Dodging


You had 8 spell levels left.
You didn't know any spells.
Your spell library contained the following spells:

 Spells                   Type           Power        Failure   Level  Hunger
 Magic Dart               Conj           #...         91%         1    ##.....
 Searing Ray              Conj           #.....       97%         2    ###....
 Dazzling Spray           Conj/Hex       #.....       100%        3    ####...
 Force Lance              Conj/Tloc      #.......     100%        4    #####..
 Fulminant Prism          Conj/Hex       #.........   100%        4    #####..
 Iskenderun's Mystic Bla  Conj           #.......     100%        4    #####..
 Bolt of Magma            Conj/Fire/Erth #.........   100%        5    ######.
 Iskenderun's Battlesphe  Conj/Chrm      #.......     100%        5    ######.
 Venom Bolt               Conj/Pois      #.........   100%        5    ######.
 Iron Shot                Conj/Erth      #.........   100%        6    #######
 Orb of Destruction       Conj           #.........   100%        7    #######
 Spellforged Servitor     Conj/Summ      #.........   100%        7    #######


Dungeon Overview and Level Annotations

Branches:
Dungeon (8/15)             Temple (1/1) D:5
   Lair: D:8-11

Altars:
Ashenzari
Cheibriados
Dithmenos
Elyvilon
Fedhas
Kikubaaqudgha
Nemelex Xobeh
Okawaru
Qazlal
Ru
Uskayaw
Vehumet
Wu Jian
Xom
Yredelemnul
Zin

Shops:
D:5 :

Annotations:
D:3 3 runed translucent doors, PentaManta's ghost, amateur KoHu
D:4 1 runed translucent door, rumpelstilzz's ghost, novice CeFi


Innate Abilities, Weirdness & Mutations

You have a pair of small antennae on your head.
You have sharp fingernails.
You regenerate health from kills.
You are immune to rotting.
Your mind is acute. (Int +2)
You are somewhat resistant to further mutation.


Message History

There is a lethal amount of poison in your body!
There is a lethal amount of poison in your body!
There is a lethal amount of poison in your body!
Okay, then.
* * * LOW HITPOINT WARNING * * *
You feel sick.
Things that are here:
a +2 dagger of venom; a +0 robe; an orc corpse
* * * LOW HITPOINT WARNING * * *
You feel sick.
There is a stone staircase leading down here.
* * * LOW HITPOINT WARNING * * *
You feel sick.
You climb downwards.
* * * LOW HITPOINT WARNING * * *
You feel sick.
The bullfrog skeleton completely misses you.
The bullfrog skeleton hits you but does no damage.
The two-headed ogre hits you with a cursed -3 giant club!
You die...

...... #.# #.......# #.# .......#
####.## ########......#
#####.....# ..............#
..........# ..............#
####.....[# .........#...
#.###.##
.........#.###############.###.##
..........oo.o.[@O............>.#
.........#.#.####Z########......#
#######..#.#..###.########......#
................................#
.................................
..........................#.....#
..............).).........#.....#
..........................#.....#
.....................o....#


You could see a two-headed ogre, an orc wizard, 2 orcs and a bullfrog skeleton.

Vanquished Creatures
  Pikel (D:4)
  Psyche (D:8)
  2 yaks (D:7)
  2 hogs (D:7)
  A human (D:7)
  3 black bears
  2 orc warriors
  A slave (D:4)
  An ice beast (D:5)
  4 ogres
  A bullfrog (D:7)
  4 wights (D:7)
  A howler monkey (D:4)
  A centaur zombie (D:6)
  2 crimson imps
  2 jellies (D:7)
  2 quasits (D:6)
  4 orc priests
  5 hounds
  A centaur skeleton (D:6)
  An iguana (D:6)
  4 orc wizards
  Terence (D:1)
  9 worker ants
  2 hound skeletons
  Robin (D:1)
  13 adders
  5 gnolls
  2 shadow imps (D:5)
  An ooze (D:1)
  2 adder skeletons
  An adder zombie (D:8)
  4 worms
  3 dart slugs
  A leopard gecko (D:8)
  17 orcs
  8 bats
  4 giant cockroaches
  11 goblins
  19 hobgoblins
  9 jackals
  6 quokkas
  4 ball pythons
  4 frilled lizards
  A jackal skeleton (D:3)
  8 kobolds
  A quokka skeleton (D:6)
  5 rats
188 creatures vanquished.

Vanquished Creatures (others)
  An adder (D:4)
  A rat (D:2)
2 creatures vanquished.

Grand Total: 190 creatures vanquished

Notes
Turn   | Place    | Note
-------+----------+-------------------------------------------
     0 | D:1      | Forgol the Demonspawn Gladiator began the quest for the
                  | Orb.
     0 | D:1      | Reached XP level 1. HP: 16/16 MP: 1/1
   222 | D:1      | Gained mutation: You regenerate a little health from kills.
                  | [demonic ancestry]
   222 | D:1      | Reached XP level 2. HP: 22/22 MP: 2/2
   289 | D:1      | Reached skill level 3 in Maces & Flails
  1254 | D:1      | Reached XP level 3. HP: 28/28 MP: 3/3
  1257 | D:1      | Reached skill level 1 in Armour
  1381 | D:2      | Noticed Robin
  1385 | D:1      | Killed Robin
  1604 | D:2      | Found a blossoming altar of Fedhas.
  1614 | D:2      | Noticed Terence
  1647 | D:1      | Killed Terence
  1647 | D:1      | Gained mutation: You have a pair of small antennae on your
                  | head. [demonic ancestry]
  1647 | D:1      | Reached XP level 4. HP: 9/34 MP: 4/4
  2773 | D:1      | HP: 1/34 [gnoll/+0 club (1)]
  3167 | D:1      | Gained mutation: Your mind is acute. (Int +2) [potion of
                  | mutation]
  3167 | D:1      | Gained mutation: You are somewhat resistant to further
                  | mutation. [potion of mutation]
  3215 | D:2      | Gained mutation: You have sharp fingernails. [demonic
                  | ancestry]
  3215 | D:2      | Reached XP level 5. HP: 34/40 MP: 5/5
  3224 | D:2      | Reached skill level 4 in Maces & Flails
  4435 | D:3      | Found a runed translucent gate.
  4435 | D:3      | Found a runed translucent gate.
  4438 | D:3      | Found a runed translucent gate.
  4438 | D:3      | Noticed PentaManta's ghost (amateur KoHu)
  4918 | D:4      | Gained mutation: You regenerate health from kills. [demonic
                  | ancestry]
  4918 | D:4      | Reached XP level 6. HP: 36/47 MP: 6/6
  5073 | D:4      | Found a runed translucent door.
  5075 | D:4      | Noticed rumpelstilzz's ghost (novice CeFi)
  5177 | D:4      | Noticed a slave
  5180 | D:4      | Noticed a slave
  5181 | D:4      | Noticed a slave
  5196 | D:4      | Noticed Pikel
  5201 | D:4      | Noticed a slave
  5206 | D:4      | Killed a slave
  5529 | D:4      | Killed Pikel
  5529 | D:4      | Reached skill level 5 in Maces & Flails
  5529 | D:4      | Reached XP level 7. HP: 18/54 MP: 7/7
  6216 | D:5      | Entered Level 5 of the Dungeon
  6341 | D:5      | Found a shadowy altar of Dithmenos.
  6341 | D:5      | Found Yreab's Book Shop.
  6393 | D:5      | Reached skill level 6 in Maces & Flails
  6393 | D:5      | Gained mutation: You are immune to rotting. [demonic
                  | ancestry]
  6393 | D:5      | Reached XP level 8. HP: 38/61 MP: 8/8
  6703 | D:5      | Found a sparkling altar of Nemelex Xobeh.
  6704 | D:5      | You fall through a shaft for 3 floors!
  6707 | D:8      | Noticed a two-headed ogre
  7494 | D:5      | Found a staircase to the Ecumenical Temple.
  7500 | Temple   | Entered the Ecumenical Temple
  8134 | D:6      | Reached skill level 5 in Dodging
  8155 | D:6      | Reached skill level 5 in Fighting
  8190 | D:6      | Reached skill level 7 in Maces & Flails
  9186 | D:7      | Reached XP level 9. HP: 67/68 MP: 9/9
  9750 | D:7      | Found an ancient bone altar of Kikubaaqudgha.
 10328 | D:7      | Reached skill level 8 in Maces & Flails
 10328 | D:7      | Reached skill level 5 in Armour
 10858 | D:8      | Noticed Psyche
 11124 | D:8      | Killed Psyche
 11251 | D:8      | Slain by a two-headed ogre

Skill      XL: |  1  2  3  4  5  6  7  8  9 |
---------------+----------------------------+-----
Maces & Flails | 3 4 5 6 7 8 |  8.9
Armour         | 1 2 3 4 5 |  5.6
Dodging        | 3 4 5 6 |  6.5
Fighting       | 3 4 5 6 |  6.7
Throwing       | |  1.7

Action                   |  1- 3 |  4- 6 |  7- 9 || total
-------------------------+-------+-------+-------++-------
Melee: Flail             |   111 |   343 |    21 ||   475
       Whip              |       |       |    33 ||    33
       Morningstar       |       |       |   424 ||   424
  Use: Scroll            |     2 |     6 |     8 ||    16
       Potion            |       |     3 |     9 ||    12
  Eat: Chunk             |     2 |    12 |     6 ||    20
       Ration            |       |     1 |     3 ||     4
Armor: Leather armour    |    32 |       |       ||    32
       Scale mail        |       |    58 |       ||    58
       Chain mail        |       |   103 |   278 ||   381
Dodge: Dodged            |    85 |   217 |   258 ||   560
Block: Other             |     1 |    25 |    31 ||    57
       Reflection        |       |     1 |       ||     1
